 Dungeon Crawl Stone Soup version 0.29-a0-356-g7bc237e783 (webtiles) character file.

Game seed: 17693024779897931946

3606 HendSelp the Grappler (level 10, -1/66 HPs)
             Began as an Octopode Gladiator on Apr 25, 2022.
             Was an Initiate of Gozag.
             Slain by a centaur warrior (5 damage)
             ... on level 8 of the Dungeon.
             The game lasted 00:13:01 (10170 turns).

HendSelp the Grappler (Octopode Gladiator)         Turns: 10170, Time: 00:13:02

Health: -1/66      AC:  3    Str: 16    XL:     10   Next: 11%
Magic:  10/10      EV: 15    Int: 18    God:    Gozag
Gold:   270        SH:  5    Dex: 14    Spells: 9/9 levels left

rFire   + . .      SeeInvis +     - Unarmed
rCold   + . .      Faith    .   (no shield)
rNeg    . . .      Spirit   .   a - +2 hat
rPois   +          Reflect  +   x - amulet of reflection
rElec   +          Harm     .   g - ring of willpower
rCorr   +          Rampage  .   n - +6 ring of intelligence
Will    +....                   r - ring of see invisible
Stlth   ++........              (no ring)
HPRegen 0.21/turn               (no ring)
MPRegen 0.12/turn               (no ring)
                                (no ring)
                                (no ring)

@: mighty, resistant
A: almost no armour, amphibious, 8 rings, camouflage 1, gelatinous body 1,
(nimble swimmer 1), tentacles
a: Renounce Religion, Potion Petition, Call Merchant, Bribe Branch


You were on level 8 of the Dungeon.
You worshipped Gozag.
Gozag was aware of your devotion.
You visited 2 branches of the dungeon, and saw 9 of its levels.

You collected 386 gold pieces.
You paid 116 gold pieces to Gozag.

Inventory:

Missiles
 c - a javelin
 o - 5 silver javelins (quivered)
Armour
 a - a +2 hat (worn)
Jewellery
 g - a ring of willpower (left tentacle)
 n - a +6 ring of intelligence (right tentacle)
 r - a ring of see invisible (on tentacle)
 x - an amulet of reflection (around mantle)
Wands
 i - a wand of charming (13)
 m - a wand of iceblast (3)
Scrolls
 b - a scroll of enchant armour
 d - a scroll of brand weapon
 k - a scroll of holy word
 p - a scroll of enchant weapon
 q - a scroll of amnesia
 v - a scroll of teleportation
Potions
 e - 2 potions of flight
 h - 5 potions of curing
 l - 2 potions of brilliance
 s - a potion of resistance
 t - a potion of attraction {unknown}


   Skills:
 * Level 5.5 Fighting
 - Level 2.0 Throwing
 + Level 5.4 Dodging
 * Level 12.6 Unarmed Combat


You had 9 spell levels left.
You didn't know any spells.
Your spell library contained the following spells:

 Spells                   Type           Power      Damage    Failure   Level
 Animate Skeleton         Necr           0%         N/A       22%         1
 Freeze                   Ice            0%         1d3       22%         1
 Magic Dart               Conj           0%         1d3       22%         1
 Pain                     Necr           0%         1d4       22%         1
 Sandblast                Erth           0%         2d4       22%         1
 Shock                    Conj/Air       0%         1d3       22%         1
 Blink                    Tloc           0%         N/A       32%         2
 Call Imp                 Summ           0%         N/A       32%         2
 Passwall                 Tmut/Erth      0%         N/A       32%         2
 Frozen Ramparts          Ice            0%         1d2       54%         3
 Mephitic Cloud           Conj/Pois/Air  0%         N/A       54%         3
 Stone Arrow              Conj/Erth      0%         3d7       54%         3
 Swiftness                Air            0%         N/A       54%         3
 Vampiric Draining        Necr           0%         2d6       54%         3
 Airstrike                Air            0%         N/A       91%         4
 Hailstorm                Conj/Ice       0%         3d3       91%         4
 Manifold Assault         Tloc           0%         N/A       99%         5
 Haunt                    Necr/Summ      0%         N/A       100%        7
 Storm Form               Tmut/Air       0%         N/A       100%        7
 Necromutation            Tmut/Necr      0%         N/A       100%        8
 Chain Lightning          Conj/Air       0%         N/A       100%        9
 Fire Storm               Conj/Fire      0%         5d1       100%        9
 Shatter                  Erth           0%         3d5*      100%        9


Dungeon Overview and Level Annotations

Branches:
Dungeon (8/15)             Temple (1/1) D:7
   Lair: D:8-11

Altars:
Ashenzari
Cheibriados
Dithmenos
Fedhas
Gozag
Hepliaklqana
Kikubaaqudgha
Makhleb
Nemelex Xobeh
Okawaru
Qazlal
Ru
Sif Muna
Trog
Uskayaw
Vehumet
Xom
Yredelemnul
Zin
The Shining One


Innate Abilities, Weirdness & Mutations

You cannot wear most types of armour.
You are amphibious.
You can wear up to eight rings at the same time.
Your skin changes colour to match your surroundings (Stealth+).
Your rubbery body absorbs attacks. (AC +1, EV +1)
((You are camouflaged when in or above water. (Stealth+)))
You have tentacles for arms and can constrict up to eight enemies at once.


Message History

The centaur warrior kicks you but does no damage.
You bludgeon the centaur warrior!
The centaur warrior is heavily wounded.
The bullfrog hits you but does no damage.
You block the centaur warrior's attack. The centaur warrior kicks you.
The bullfrog barely misses you.
Unknown command.
You feel protected. The centaur warrior hits you!
The centaur warrior kicks you. The bullfrog misses you.
An orc comes into view. It is wielding a +0 dagger.
The kobold brigand hits you but does no damage.
The centaur warrior hits you!
* * * LOW HITPOINT WARNING * * *
The centaur warrior kicks you.
* * * LOW HITPOINT WARNING * * *
Unknown command.
You tentacle-slap the centaur warrior.
The centaur warrior is heavily wounded.
The bullfrog hits you.
* * * LOW HITPOINT WARNING * * *
The centaur warrior hits you.
* * * LOW HITPOINT WARNING * * *
The centaur warrior kicks you.
* * * LOW HITPOINT WARNING * * *
The kobold brigand barely misses you.
You feel better. The bullfrog completely misses you.
You block the centaur warrior's attack. The centaur warrior misses you.
You block the bullfrog's attack.
The kobold brigand hits you with a +0 dagger.
* * * LOW HITPOINT WARNING * * *
You bludgeon the centaur warrior!
Your squeeze misses the centaur warrior.
The centaur warrior is severely wounded.
The centaur warrior hits you!
* * * LOW HITPOINT WARNING * * *
You block the centaur warrior's attack. The bullfrog misses you.
The centaur warrior hits you.
You die...
Your body crumbles into a pile of gold.

[# .. #. . ..
o###. ... #...#
.... .# $#Y#.#
#...#
...###.D.##....
......cFK......
.......@..#
..........# $
####.####.# #
#...<# $ #.##.#
.. #.# ... #.#
.. ..# # ..#


You could see a centaur warrior, an acid dragon, a sky beast, a kobold brigand,
a bullfrog and an orc.

Vanquished Creatures
  Pikel (D:7)
  Maggie (D:7)
  Grinder (D:3)
  Menkaure (D:7)
  Duvessa (D:7)
  A water moccasin (D:7)
  2 sky beasts
  A black bear (D:6)
  2 ice beasts
  2 ogres (D:5)
  2 phantoms
  A lemure (D:7)
  3 bullfrogs (D:7)
  A gnoll sergeant (D:5)
  5 scorpions
  Dowan (D:7)
  2 howler monkeys (D:7)
  7 hounds
  An orc priest (D:5)
  Jessica (D:3)
  5 iguanas (D:5)
  9 orc wizards
  9 gnolls
  6 adders
  A shadow imp (D:7)
  2 white imps
  A worm (D:4)
  3 dart slugs
  36 orcs
  6 ball pythons
  5 bats
  5 endoplasms
  4 giant cockroaches
  6 goblins
  9 hobgoblins
  4 jackals (D:3)
  3 quokkas
  5 kobolds
  4 rats
160 creatures vanquished.

Vanquished Creatures (others)
  2 fungi (D:2)
2 creatures vanquished.

Grand Total: 162 creatures vanquished

Notes
Turn   | Place    | Note
-------+----------+-------------------------------------------
     0 | D:1      | HendSelp the Octopode Gladiator began the quest for the
                  | Orb.
     0 | D:1      | Reached XP level 1. HP: 14/14 MP: 1/1
   335 | D:1      | Reached XP level 2. HP: 18/19 MP: 2/2
   938 | D:1      | Reached XP level 3. HP: 24/24 MP: 3/3
   976 | D:2      | You fall into a shaft and drop 1 floor!
  1037 | D:3      | Noticed Jessica
  1062 | D:3      | Killed Jessica
  1063 | D:3      | Reached skill level 4 in Unarmed Combat
  1063 | D:3      | Reached XP level 4. HP: 10/30 MP: 4/4
  1606 | D:3      | Noticed Grinder
  1633 | D:3      | Killed Grinder
  1634 | D:3      | Reached skill level 5 in Unarmed Combat
  1634 | D:3      | Reached XP level 5. HP: 32/36 MP: 5/5
  1634 | D:3      | Reached XP level 6. HP: 37/41 MP: 6/6
  2071 | D:3      | Reached skill level 6 in Unarmed Combat
  2456 | D:3      | Found a sacrificial altar of Ru.
  3630 | D:2      | Found a faded altar of an unknown god.
  4361 | D:4      | Reached XP level 7. HP: 31/46 MP: 7/7
  4638 | D:5      | Entered Level 5 of the Dungeon
  4860 | D:5      | Reached skill level 7 in Unarmed Combat
  5780 | D:5      | Reached skill level 8 in Unarmed Combat
  5784 | D:5      | Reached XP level 8. HP: 45/54 MP: 8/8
  5867 | D:5      | Found a snail-covered altar of Cheibriados.
  6136 | D:5      | Reached skill level 9 in Unarmed Combat
  6873 | D:6      | Got the Grimoire of Darkness
  6958 | D:6      | Reached skill level 10 in Unarmed Combat
  7234 | D:6      | Reached XP level 9. HP: 59/59 MP: 9/9
  8104 | D:7      | Noticed Menkaure
  8111 | D:7      | Killed Menkaure
  8277 | D:7      | Reached skill level 11 in Unarmed Combat
  8348 | D:7      | Noticed Pikel
  8542 | D:7      | Killed Pikel
  8543 | D:7      | Reached skill level 5 in Fighting
  8543 | D:7      | Reached skill level 5 in Dodging
  8806 | D:7      | Found a stormy altar of Qazlal.
  8850 | D:7      | Found a blossoming altar of Fedhas.
  8901 | D:7      | Reached skill level 12 in Unarmed Combat
  9570 | D:7      | Noticed Duvessa
  9574 | D:7      | Noticed Dowan
  9580 | D:7      | Killed Duvessa
  9581 | D:7      | Killed Dowan
  9587 | D:7      | Reached XP level 10. HP: 66/66 MP: 10/10
  9596 | D:7      | Noticed Maggie
  9607 | D:7      | Found a staircase to the Ecumenical Temple.
  9615 | D:7      | Killed Maggie
  9629 | Temple   | Entered the Ecumenical Temple
  9895 | Temple   | Became a worshipper of Gozag Ym Sagoz the Greedy
 10158 | D:8      | Noticed a centaur warrior
 10170 | D:8      | Slain by a centaur warrior

Illustrated notes

Levels and vault maps discovered:
D:1:      dpeg_arrival_morbid_curiosity, layout_loops_ring, st_stairs_3
D:2:      layout_rooms, shapermc_ecumenical_altar_mp_urbaneastern,
          serial_rivers, chequers_serial_rivers_room_b,
          chequers_serial_rivers_large_b, chequers_serial_rivers_micro_b,
          chequers_serial_rivers_large_a, chequers_serial_rivers_small_3
D:3:      layout_loops_cross, general_overflow_altar, grunt_ministairs_12,
          dk_noncrumbling_2, chequers_serial_rivers_micro_c, uniq_jessica,
          uniq_grinder
D:4:      layout_rooms
D:5:      layout_loops_ring, kennysheep_mini_moat, minmay_joined_circles
D:6:      layout_layer_cave, chequers_serial_rivers_micro_a
D:7:      layout_loops_ring, grunt_qazlal_clouds,
          nicolae_overflow_crystal_walls, minmay_temple_entry_glassed_door,
          serial_aquarium, aquarium_bridge_square [aquarium_subvault_bridge,
          aquarium_subvault_bridge, aquarium_subvault_wall,
          aquarium_subvault_bridge], aquarium_window_double,
          aquarium_window_fake, aquarium_window_corridor_3,
          aquarium_window_fake, aquarium_view_2d, aquarium_view_2g,
          aquarium_balcony_5a, aquarium_pool_corner, abandoned_shop,
          uniq_maggie, uniq_menkaure, uniq_pikel, uniq_duvessa
D:8:      layout_basic, gammafunk_temple_overflow_pools,
          hellmonk_ghost_happy_afterlife, minmay_starry_boxes, uniq_erica
Temple:   eino_temple_scatter_basement

Skill      XL: |  1  2  3  4  5  6  7  8  9 |
---------------+----------------------------+-----
Unarmed Combat | 4 5 6 8 10 12 | 12.6
Fighting       | 3 4 5 |  5.5
Dodging        | 4 5 |  5.4
Throwing       | |  2.0

Action                   |  1- 3 |  4- 6 |  7- 9 | 10-12 || total
-------------------------+-------+-------+-------+-------++-------
Melee: Unarmed           |    51 |   118 |   228 |    23 ||   420
       Constrict         |    17 |    30 |    46 |     3 ||    96
       Tentacles         |    11 |    27 |    53 |     6 ||    97
       Punch             |       |     7 |    17 |     2 ||    26
Throw: Throwing net      |     3 |     4 |     2 |       ||     9
       Javelin           |       |     4 |     3 |       ||     7
  Use: Scroll            |     1 |    11 |     8 |       ||    20
       Potion            |       |     2 |     7 |     4 ||    13
 Stab: Sleeping          |     7 |     6 |     1 |     1 ||    15
       Held in net/web   |       |     1 |     2 |       ||     3
       Distracted        |       |       |     1 |       ||     1
       Invisible         |       |       |     2 |     2 ||     4
Armor: Skin              |     7 |     5 |    26 |     4 ||    42
Dodge: Dodged            |    29 |    72 |   101 |    19 ||   221
Block: Other             |       |       |    12 |     7 ||    19

Table legend: (Time is in decaauts)
 A = Elapsed time spent in this place.
 B = Non-inter-level travel time spent in this place.
 C = Inter-level travel time spent in this place.
 D = Time resting spent in this place.
 E = Time spent auto-exploring this place.
 F = Levels seen in this place.
 G = Mean time per level.
                   A        B        C        D        E       F      G
               +--------+--------+--------+--------+--------+-----+--------+
         Total |  10122 |   9758 |    364 |   2297 |   6285 |   9 | 1124.7 |
       Dungeon |   9689 |   9361 |    328 |   2096 |   6109 |   8 | 1211.1 |
        Temple |    432 |    396 |     36 |    201 |    176 |   1 |  432.0 |
               +--------+--------+--------+--------+--------+-----+--------+

Top non-repeatable levels by time:
     D:5: 1773 daAuts
     D:7: 1700 daAuts
     D:3: 1606 daAuts
     D:2: 1333 daAuts
     D:6: 1176 daAuts
     D:4: 1115 daAuts
     D:1: 972 daAuts
  Temple: 432 daAuts
     D:8: 10 daAuts
